 Dungeon Crawl Stone Soup version 0.28.0 (webtiles) character file.

Game seed: 1631187828210832056

11019 Sanktem7 the Carver (level 11, -2/97 HPs)
             Began as a Minotaur Fighter on Feb 9, 2022.
             Was a Priest of Trog.
             Slain by a large slime creature (9 damage)
             ... on level 12 of the Dungeon.
             The game lasted 00:26:35 (10845 turns).

Sanktem7 the Carver (Minotaur Fighter)             Turns: 10845, Time: 00:26:35

Health: -2/97      AC: 14    Str: 24    XL:     11   Next: 43%
Magic:  10/10      EV: 10    Int:  7    God:    Trog [***...]
Gold:   644        SH:  9    Dex: 11    Spells: 10/10 levels left

rFire   . . .      SeeInvis .   a - +3 long sword (drain)
rCold   x . .      Faith    .   v - +0 kite shield
rNeg    . . .      Spirit   .   b - +0 scale mail
rPois   .          Reflect  .   (helmet restricted)
rElec   .          Harm     .   g - +0 cloak
rCorr   .          Rampage  .   (no gloves)
Will    .....      Clarity  +   (no boots)
Stlth   ..........              (no amulet)
HPRegen 0.26/turn               l - ring of the Chopping Souls {rC- AC+4 Int+2 Slay+5}
MPRegen 0.12/turn               f - +4 ring of slaying

@: no status effects
A: horns 2, retaliatory headbutt, claws 1, clarity
a: Renounce Religion, Berserk, Trog's Hand


You were on level 12 of the Dungeon.
You worshipped Trog.
Trog was most pleased with you.
You visited 1 branch of the dungeon, and saw 12 of its levels.

You collected 644 gold pieces.

Inventory:

Hand Weapons
 a - a +3 long sword of draining (weapon)
 s - the +6 mace "Jariu" {vorpal, rC- rN+ MP+9 Str+4}
   (You found it on level 3 of the Dungeon)

   It inflicts extra damage upon your enemies.
   Str:       It affects your strength (+4).
   rC:        It makes you vulnerable to cold.
   rN:        It protects you from negative energy.
   MP:        It affects your magic capacity (+9).
Missiles
 e - 3 boomerangs (quivered)
 o - 6 throwing nets
Armour
 b - a +0 scale mail (worn)
 g - a +0 cloak (worn)
 v - a +0 kite shield (worn)
Jewellery
 f - a +4 ring of slaying (right claw)
 h - a ring of protection from cold
 l - the ring of the Chopping Souls (left claw) {rC- AC+4 Int+2 Slay+5}
   (You found it on level 3 of the Dungeon)

   [ring of protection]

   AC:        It affects your AC (+4).
   Int:       It affects your intelligence (+2).
   Slay:      It affects your accuracy & damage with ranged weapons and melee
   (+5).
   rC:        It makes you vulnerable to cold.
 u - a ring of resist corrosion
 C - a +4 ring of evasion
Wands
 p - a wand of digging (3)
 q - a wand of paralysis (30)
 t - a wand of polymorph (11)
Scrolls
 d - a scroll of fear
 j - 5 scrolls of teleportation
 k - a scroll of magic mapping
 m - 3 scrolls of blinking
 w - 2 scrolls of holy word
 x - a scroll of acquirement {unknown}
 B - a scroll of fog
 D - 2 scrolls of immolation
 F - a scroll of silence
Potions
 c - a potion of flight
 i - a potion of curing
 r - a potion of cancellation
 z - 2 potions of lignification
 A - a potion of attraction {unknown}
 G - a potion of mutation


   Skills:
 * Level 9.4 Fighting
 * Level 13.3 Long Blades
 - Level 7.5 Throwing
 * Level 10.4 Armour
 + Level 4.0 Dodging
 - Level 2.0 Stealth
 + Level 5.8 Shields


You had 10 spell levels left.
You didn't know any spells.
Your spell library contained the following spells:

 Spells                   Type           Power      Damage    Failure   Level
 Beastly Appendage        Tmut           0%         N/A       95%         1
 Wereblood                Tmut           0%         N/A       99%         2
 Portal Projectile        Hex/Tloc       0%         N/A       100%        3
 Spider Form              Tmut/Pois      0%         N/A       100%        3
 Blade Hands              Tmut           0%         N/A       100%        5
 Excruciating Wounds      Necr           0%         N/A       100%        5


Dungeon Overview and Level Annotations

Branches:
Dungeon (12/15)            Temple (0/1) D:6            Lair (0/6) D:8
    Orc (0/2) D:10

Altars:
Dithmenos
Makhleb
Nemelex Xobeh
Trog
Zin

Shops:
D:2 :


Innate Abilities, Weirdness & Mutations

You have a pair of horns on your head.
You reflexively headbutt those who attack you in melee.
You have sharp fingernails.
You possess an exceptional clarity of mind.


Message History

You slice the slime creature!!
You kill the slime creature!
Trog accepts your kill.
A large slime creature splits.
You slice the slime creature!!
You kill the slime creature!
Trog accepts your kill.
The slime creature hits you but does no damage.
You slash the slime creature!
The slime creature is almost dead.
A slime creature comes into view.
Two slime creatures merge to form a large slime creature.
Two slime creatures merge to form a very large slime creature.
You feel much better.
You feel much better. The very large slime creature hits you!
You slice the very large slime creature!!
The very large slime creature is heavily wounded.
The very large slime creature hits you!
You barely miss the very large slime creature.
You headbutt the very large slime creature.
The very large slime creature is heavily wounded.
Two slime creatures merge to form an enormous slime creature.
You barely miss the enormous slime creature.
The enormous slime creature is moderately wounded.
You slash the enormous slime creature!
The enormous slime creature is moderately wounded.
The enormous slime creature barely misses you.
You furiously retaliate!
You headbutt the enormous slime creature.
You slash the enormous slime creature!
The enormous slime creature is heavily wounded.
The enormous slime creature hits you!!
* * * LOW HITPOINT WARNING * * *
You feel better.
The enormous slime creature seems less drained.
An enormous slime creature splits.
You feel better. The large slime creature hits you!
* * * LOW HITPOINT WARNING * * *
The large slime creature hits you!
You die...

..#. . ...# .. ...
... .. ...[ .##
#..... ..... #.#
#...... ......#.##
....... .......JJ#
##.......
......J#@###........
J......#.##.........
.......#).#.........
......###.#.).......
....## #...........
...# ##...........
.## ##))#.........
##).###........
##..## ####.....


You could see 2 large slime creatures.

Vanquished Creatures
  Harold (D:8)
  A boulder beetle (D:11)
  An ugly thing (D:11)
  An unseen horror (D:11)
  2 trolls
  2 slime creatures (D:12)
  Prince Ribbit (D:7)
  Sigmund (D:5)
  2 shadows (D:9)
  10 yaks
  A wyvern (D:6)
  Edmund (D:5)
  2 wargs (D:10)
  7 water moccasins
  An acid dragon (D:11)
  A hornet zombie (D:8)
  2 ice beasts (D:7)
  7 orc warriors
  2 ogres (D:7)
  5 black bears
  3 necrophages
  A sky beast (D:5)
  5 centaurs
  A phantom (D:5)
  3 kobold brigands
  8 bullfrogs
  A scorpion (D:5)
  5 howler monkeys
  2 lava snakes (D:7)
  3 centaur zombies
  2 jellies
  A hound (D:5)
  A centaur skeleton (D:7)
  5 orc priests
  2 bullfrog skeletons
  2 gnoll shamans (D:8)
  Crazy Yiuf (D:3)
  12 orc wizards
  4 iguanas
  2 killer bee zombies
  2 howler monkey zombies
  4 gnolls (D:8)
  6 adders
  A shadow imp (D:6)
  3 ufetubi
  4 worms
  5 dart slugs
  46 orcs
  4 endoplasms
  2 giant cockroaches (D:3)
  10 goblins
  4 hobgoblins
  8 jackals
  24 kobolds
  2 quokkas
  7 ball pythons
  6 bats
  2 frilled lizards
  6 rats
261 creatures vanquished.

Vanquished Creatures (others)
  45 fungi (D:8)
  50 plants
95 creatures vanquished.

Grand Total: 356 creatures vanquished

Notes
Turn   | Place    | Note
-------+----------+-------------------------------------------
     0 | D:1      | Sanktem7 the Minotaur Fighter began the quest for the Orb.
     0 | D:1      | Reached XP level 1. HP: 19/19 MP: 0/0
   329 | D:1      | Reached XP level 2. HP: 26/27 MP: 1/1
   634 | D:1      | Reached skill level 3 in Long Blades
  1035 | D:2      | Reached XP level 3. HP: 30/33 MP: 2/2
  1114 | D:2      | Found Numousah's Book Shoppe.
  1217 | D:2      | You fall into a shaft and drop 1 floor!
  1251 | D:3      | Identified the ring of the Chopping Souls {rC- AC+4 Int+2
                  | Slay+5}
  1699 | D:3      | Reached XP level 4. HP: 40/40 MP: 3/3
  1717 | D:3      | Found a runed translucent door.
  1718 | D:3      | Noticed Crazy Yiuf
  1723 | D:3      | Killed Crazy Yiuf
  1724 | D:3      | Reached skill level 4 in Long Blades
  2214 | D:3      | Noticed a kobold brigand
  2225 | D:3      | Killed a kobold brigand
  2226 | D:3      | Reached XP level 5. HP: 37/47 MP: 4/4
  2556 | D:3      | Identified the +6 mace "Jariu" {vorpal, rC- rN+ MP+9 Str+4}
  2612 | D:4      | Reached skill level 5 in Long Blades
  2774 | D:4      | Reached skill level 1 in Dodging
  2810 | D:4      | Reached skill level 5 in Armour
  3074 | D:4      | Noticed a black bear
  3080 | D:4      | Killed a black bear
  3081 | D:4      | Reached skill level 1 in Throwing
  3081 | D:4      | Reached XP level 6. HP: 55/55 MP: 5/5
  3477 | D:5      | Entered Level 5 of the Dungeon
  3552 | D:5      | Reached skill level 5 in Fighting
  3552 | D:5      | Reached skill level 6 in Long Blades
  3572 | D:5      | Noticed Edmund
  3582 | D:5      | Killed Edmund
  3583 | D:5      | Reached XP level 7. HP: 38/61 MP: 6/6
  3745 | D:5      | Reached skill level 7 in Long Blades
  3879 | D:5      | Noticed Sigmund
  3891 | D:5      | Killed Sigmund
  3892 | D:5      | Reached skill level 8 in Long Blades
  3892 | D:5      | Reached XP level 8. HP: 67/70 MP: 7/7
  4275 | D:5      | Found a bloodstained altar of Trog.
  4281 | D:5      | Became a worshipper of Trog the Wrathful
  4310 | D:5      | Gained mutation: You have sharp fingernails. [potion of
                  | mutation]
  4310 | D:5      | Gained mutation: You possess an exceptional clarity of
                  | mind. [potion of mutation]
  4353 | D:6      | Reached skill level 9 in Long Blades
  4549 | D:6      | Found a staircase to the Ecumenical Temple.
  4788 | D:6      | Reached skill level 10 in Long Blades
  4866 | D:6      | Found a glowing silver altar of Zin.
  5035 | D:6      | Reached XP level 9. HP: 75/78 MP: 8/8
  5265 | D:7      | Reached * piety under Trog
  5365 | D:7      | Found a burning altar of Makhleb.
  6080 | D:7      | Reached skill level 11 in Long Blades
  6528 | D:7      | Noticed Prince Ribbit
  6543 | D:7      | Killed Prince Ribbit
  6588 | D:8      | Reached ** piety under Trog
  6675 | D:8      | Reached skill level 1 in Stealth
  6675 | D:8      | Reached XP level 10. HP: 81/88 MP: 9/9
  6854 | D:8      | Reached skill level 5 in Throwing
  6868 | D:8      | Reached skill level 5 in Shields
  7270 | D:8      | Reached skill level 12 in Long Blades
  7270 | D:8      | Noticed Harold
  7285 | D:8      | Killed Harold
  7576 | D:8      | Found a staircase to the Lair.
  7688 | D:8      | Identified the +6 spear of the Inferno {distort, Dex+4}
  8207 | D:9      | Reached *** piety under Trog
  8301 | D:9      | Found a sparkling altar of Nemelex Xobeh.
  8725 | D:9      | Identified the +2 helmet of the Past {rF+ rCorr Dex-4}
  8745 | D:10     | Entered Level 10 of the Dungeon
  8819 | D:10     | Found a shadowy altar of Dithmenos.
  9181 | D:10     | Found a staircase to the Orcish Mines.
  9203 | D:10     | Reached XP level 11. HP: 84/97 MP: 10/10
  9385 | D:10     | Reached skill level 13 in Long Blades
  9871 | D:11     | Reached skill level 10 in Armour
  9893 | D:11     | Noticed a boulder beetle
  9910 | D:11     | Killed a boulder beetle
 10629 | D:11     | Noticed a brown ugly thing
 10635 | D:11     | Killed a brown ugly thing
 10843 | D:12     | HP: 1/97 [enormous slime creature (35)]
 10845 | D:12     | Slain by a large slime creature

Illustrated notes

Levels and vault maps discovered:
D:1:      lightli_arrival_isolated_outpost, layout_loops_ring, minmay_tripent
D:2:      layout_rooms, serial_shops, nicolae_square_shop, serial_park_tiny_2
D:3:      cheibrodos_thug_alley, layout_basic, chequers_serial_rivers_small_a,
          uniq_crazy_yiuf_cottage
D:4:      layout_loops_ring, kennysheep_boxes
D:5:      layout_rooms, mainiacjoe_overflow_alcove_1,
          chequers_serial_rivers_micro_d, uniq_sigmund, uniq_edmund
D:6:      layout_cave_pools, mainiacjoe_overflow_boulevard,
          minmay_temple_entry_statues_fountains
D:7:      layout_gridville, kennysheep_little_box, minmay_strange_pillars,
          serial_bayou_pond_b, kennysheep_potato, uniq_prince_ribbit1
D:8:      layout_loops_ring, due_lair_maze_entry_diamond, uniq_harold
D:9:      layout_loops_ring, nemelex_xobeh_ov_fountains_minmay
D:10:     layout_loops_cross, mainiacjoe_overflow_cross_hatched,
          david_orc_1_choice, eino_small_chamber_without_monster
D:11:     layout_stronghold
D:12:     layout_cave_pods, lemuel_zombie_altar_kikubaaqudgha

Skill      XL: |  1  2  3  4  5  6  7  8  9 10 11 |
---------------+----------------------------------+-----
Fighting       | 4 5 6 7 9 |  9.4
Armour         | 4 5 6 7 8 9 10 | 10.4
Long Blades    | 3 4 5 6 8 10 11 12 13 | 13.3
Shields        | 4 5 |  5.8
Dodging        | 1 2 3 4 |  4.0
Throwing       | 1 2 3 4 6 7 |  7.5
Stealth        | 1 2 |  2.0

Action                   |  1- 3 |  4- 6 |  7- 9 | 10-12 || total
-------------------------+-------+-------+-------+-------++-------
Melee: Long sword        |    80 |    96 |   199 |   174 ||   549
       Headbutt          |     8 |    18 |    45 |    40 ||   111
Throw: Boomerang         |     2 |     1 |       |    85 ||    88
Evoke: Wand              |       |       |       |     1 ||     1
  Use: Scroll            |       |     5 |     1 |    11 ||    17
       Potion            |       |     1 |     5 |     5 ||    11
Armor: Scale mail        |    47 |    39 |   106 |    91 ||   283
Dodge: Dodged            |    34 |    30 |   100 |    56 ||   220
Block: Buckler           |    19 |    23 |    39 |     5 ||    86
       Kite shield       |       |       |       |    66 ||    66
